 Dungeon Crawl Stone Soup version 0.31-a0-705-ga145531891 (webtiles) character file.

Game seed: 5567243704395108772

75 SmokeWeed the Covert (level 4, -2/34 HPs)
             Began as a Gnoll Wanderer on Sept 10, 2023.
             Slain by an orc
             ... wielding a +0 trident
              (5 damage)
             ... on level 3 of the Dungeon.
             The game lasted 00:05:07 (1334 turns).

SmokeWeed the Covert (Gnoll Wanderer)               Turns: 1334, Time: 00:05:08

Health: -2/34      AC:  7    Str: 15    XL:     4   Next: 31%
Magic:  5/5        EV: 10    Int: 10    God:
Gold:   147        SH:  0    Dex: 11    Spells: 5/5 levels left

rFire   . . .        r - +2 dagger (freeze)
rCold   . . .        (no shield)
rNeg    . . .        l - +0 ring mail
rPois   .            (no helmet)
rElec   .            (no cloak)
rCorr   .            p - +0 pair of gloves
SInv    .            (no boots)
Will    .....        (no amulet)
Stlth   +++          (no ring)
HPRegen 0.25/turn    (no ring)
MPRegen 0.09/turn

%: no passive effects
@: no status effects
A: fangs 1, strong nose, distributed training
a: no special abilities


You were on level 3 of the Dungeon.
You visited 1 branch of the dungeon, and saw 3 of its levels.

You collected 147 gold pieces.

Inventory:

Hand Weapons
 a - a +3 dagger
 c - a +0 spear
 r - a +2 dagger of freezing (weapon)
Armour
 e - a +0 leather armour
 l - a +0 ring mail (worn)
 p - a +0 pair of gloves (worn)
 q - a +0 ring mail
Jewellery
 m - a ring of fire
Scrolls
 d - 2 scrolls of fog
 g - a scroll of enchant armour {unknown}
 h - 2 scrolls of identify {unknown}
 i - 2 scrolls of amnesia {unknown}
 k - a scroll of teleportation {unknown}
 s - a scroll of blinking {unknown}
Potions
 b - a potion of invisibility
 f - a potion of resistance {unknown}
 j - a potion of lignification {unknown}
 n - 2 potions of might {unknown}
 o - 4 potions of haste {unknown}
 t - a potion of mutation {unknown}
 u - a potion of enlightenment {unknown}


   Skills:
 + Level 2.7 Fighting
 + Level 1.1 Short Blades
 + Level 1.1 Long Blades
 + Level 1.1 Axes
 + Level 1.1 Maces & Flails
 + Level 2.7 Polearms
 + Level 1.1 Staves
 + Level 1.1 Ranged Weapons
 + Level 1.1 Throwing
 + Level 4.6 Armour
 + Level 1.1 Dodging
 + Level 9.6 Stealth
 + Level 1.1 Shields
 + Level 1.1 Unarmed Combat
 + Level 1.1 Spellcasting
 + Level 0.9 Conjurations
 + Level 0.9 Hexes
 + Level 0.9 Summonings
 + Level 0.9 Necromancy
 + Level 0.9 Translocations
 + Level 0.9 Transmutations
 + Level 0.9 Fire Magic
 + Level 0.9 Ice Magic
 + Level 0.9 Air Magic
 + Level 0.9 Earth Magic
 + Level 0.9 Poison Magic
 + Level 1.2 Invocations
 + Level 2.7 Evocations
 + Level 1.0 Shapeshifting


You had 5 spell levels left.
You didn't know any spells.
Your spell library was empty.

Dungeon Overview and Level Annotations

Branches:
Dungeon (3/15)

Altars:
Gozag


Innate Abilities, Weirdness & Mutations

You have very sharp teeth.
Your uncanny sense of smell can sniff out nearby items.
Your experience applies equally to all skills.


Message History

You barely miss the orc.
The hobgoblin shouts!
Your bite misses the orc.
The orc hits you with a +1 falchion of holy wrath.
You closely miss the orc.
The orc hits you with a +1 falchion of holy wrath.
You closely miss the orc. Your bite misses the orc. The orc closely misses you.
You completely miss the orc. Your bite misses the orc.
The orc hits you with a +1 falchion of holy wrath.
You barely miss the orc.
The orc hits you with a +1 falchion of holy wrath.
You closely miss the orc.
The orc hits you with a +1 falchion of holy wrath.
* * * LOW HITPOINT WARNING * * *
You hit the orc. You freeze the orc. You bite the orc.
The orc is heavily wounded.
The orc hits you but does no damage.
You hit the orc. You freeze the orc.
You kill the orc!
You barely miss the hobgoblin. The hobgoblin closely misses you.
You hit the hobgoblin. You freeze the hobgoblin.
The hobgoblin is heavily wounded.
The hobgoblin hits you.
* * * LOW HITPOINT WARNING * * *
You hit the hobgoblin. You freeze the hobgoblin.
You kill the hobgoblin!
The orc hits you but does no damage.
Items here: )))) [ ††††.
The orc closely misses you.
You closely miss the orc. You punch the orc, but do no damage.
The orc barely misses you.
You hit the orc but do no damage. Your punch misses the orc.
You closely miss the orc. You bite the orc, but do no damage.
The orc barely misses you.
You hit the orc but do no damage. The orc hits you with a +0 trident.
* * * LOW HITPOINT WARNING * * *
You hit the orc. You freeze the orc.
The orc is heavily wounded.
The orc hits you with a +0 trident.
You die...

#.# #.# #g# #.#
#.####### #.ooo.o..
#........
#.###################
#..o@)...............
#####################


You could see an orc.

Vanquished Creatures
  2 adders
  A gnoll (D:2)
  2 dart slugs (D:1)
  4 orcs (D:3)
  An endoplasm (D:1)
  2 giant cockroaches
  4 goblins
  5 hobgoblins
  2 jackals (D:2)
  2 kobolds (D:2)
  A quokka (D:2)
  3 ball pythons
  4 bats
  A frilled lizard (D:1)
  3 rats (D:1)
37 creatures vanquished.

Notes
Turn   | Place    | Note
-------+----------+-------------------------------------------
     0 | D:1      | Reached skill level 9 in Stealth
     0 | D:1      | SmokeWeed the Gnoll Wanderer began the quest for the Orb.
     0 | D:1      | SmokeWeed set off with the following items: a +3 dagger, a
                  | potion of invisibility, a +0 spear, a scroll of fog, a +0
                  | leather armour.
     0 | D:1      | Reached XP level 1. HP: 17/17 MP: 1/1
    92 | D:1      | Reached XP level 2. HP: 23/23 MP: 2/2
   477 | D:2      | Found an opulent altar of Gozag.
   491 | D:2      | Reached XP level 3. HP: 28/28 MP: 3/3
   790 | D:2      | Reached skill level 1 in Invocations
   900 | D:2      | Found a faded altar of an unknown god.
  1068 | D:2      | Reached skill level 1 in Short Blades
  1068 | D:2      | Reached skill level 1 in Long Blades
  1068 | D:2      | Reached skill level 1 in Axes
  1068 | D:2      | Reached skill level 1 in Maces & Flails
  1068 | D:2      | Reached skill level 1 in Staves
  1068 | D:2      | Reached skill level 1 in Ranged Weapons
  1068 | D:2      | Reached skill level 1 in Throwing
  1068 | D:2      | Reached skill level 1 in Dodging
  1068 | D:2      | Reached skill level 1 in Shields
  1068 | D:2      | Reached skill level 1 in Unarmed Combat
  1068 | D:2      | Reached skill level 1 in Spellcasting
  1231 | D:3      | Reached skill level 1 in Shapeshifting
  1231 | D:3      | Reached XP level 4. HP: 33/34 MP: 5/5
  1334 | D:3      | Slain by an orc

Illustrated notes

Levels and vault maps discovered:
D:1:      co_arrival_square_in_a_square_in_a_square, layout_rooms
D:2:      layout_loops_ring, basic_altar,
          chequers_ecumenical_altar_simple_redux, grunt_decor_mini_mirrors,
          minmay_splitting_lines, cheibrodos_gnoll_hut
D:3:      layout_basic

Skill      XL: |  1  2  3 |
---------------+----------+-----
Stealth        | |  9.6
Invocations    | 1 |  1.2
Short Blades   | 1 |  1.1
Long Blades    | 1 |  1.1
Axes           | 1 |  1.1
Maces & Flails | 1 |  1.1
Staves         | 1 |  1.1
Ranged Weapons | 1 |  1.1
Throwing       | 1 |  1.1
Dodging        | 1 |  1.1
Shields        | 1 |  1.1
Unarmed Combat | 1 |  1.1
Spellcasting   | 1 |  1.1
Shapeshifting  | 1 |  1.0
Fighting       | |  2.7
Polearms       | |  2.7
Armour         | |  4.6
Conjurations   | |  0.9
Hexes          | |  0.9
Summonings     | |  0.9
Necromancy     | |  0.9
Translocations | |  0.9
Transmutations | |  0.9
Fire Magic     | |  0.9
Ice Magic      | |  0.9
Air Magic      | |  0.9
Earth Magic    | |  0.9
Poison Magic   | |  0.9
Evocations     | |  2.7

Action                     |  1- 3 |  4- 6 || total
---------------------------+-------+-------++-------
  Melee: Dagger            |    98 |    33 ||   131
         Bite              |    11 |     3 ||    14
         Punch             |     1 |     1 ||     2
   Stab: Sleeping          |     8 |       ||     8
 Armour: Leather armour    |    28 |       ||    28
         Ring mail         |    33 |    25 ||    58
  Dodge: Dodged            |    49 |    11 ||    60

Table legend: (Time is in decaauts)
 A = Elapsed time spent in this place.
 B = Non-inter-level travel time spent in this place.
 C = Inter-level travel time spent in this place.
 D = Time resting spent in this place.
 E = Time spent auto-exploring this place.
 F = Levels seen in this place.
 G = Mean time per level.
                   A        B        C        D        E       F      G
               +--------+--------+--------+--------+--------+-----+--------+
         Total |   1328 |   1303 |     25 |      0 |    767 |   3 |  442.7 |
       Dungeon |   1328 |   1303 |     25 |      0 |    767 |   3 |  442.7 |
               +--------+--------+--------+--------+--------+-----+--------+

Top non-repeatable levels by time:
     D:2: 774 daAuts
     D:1: 428 daAuts
     D:3: 125 daAuts
